 Dungeon Crawl Stone Soup version 0.24-a0-91-g4e4936a (webtiles) character file.

Game seed: 15500308872770573642

114 Borgoz the Chopper (level 4, -6/28 HPs)
             Began as a Gargoyle Gladiator on Feb 9, 2019.
             Mangled by an ogre
             ... wielding a +0 giant club
              (17 damage)
             ... on level 4 of the Dungeon.
             The game lasted 00:03:34 (2299 turns).

Borgoz the Chopper (Gargoyle Gladiator)             Turns: 2299, Time: 00:03:35

Health: -6/28      AC:  9    Str: 17    XL:     4   Next: 98%
Magic:  4/4        EV: 12    Int:  9    God:
Gold:   123        SH:  0    Dex: 12    Spells: 3/3 levels left

rFire    . . .     SeeInvis .   a - +0 war axe
rCold    . . .     Gourm    .   (no shield)
rNeg     + . .     Faith    .   b - +0 leather armour
rPois    ∞         Spirit   .   c - +0 helmet
rElec    +         Reflect  .   w - +0 cloak
rCorr    .         Harm     .   (no gloves)
MR       .....                  (no boots)
Stlth    +.........             (no amulet)
HPRegen  0.09/turn              (no ring)
MPRegen  0.09/turn              (no ring)

@: very slightly contaminated, invisible
A: negative energy resistance 1, electricity resistance, unbreathing,
petrification resistance, rot immunity, AC +3
a: no special abilities


You were on level 4 of the Dungeon.
You were not hungry.

You visited 1 branch of the dungeon, and saw 4 of its levels.

You collected 123 gold pieces.

Inventory:

Hand Weapons
 a - a +0 war axe (weapon)
 x - a +0 morningstar
Missiles
 d - 4 throwing nets (quivered)
Armour
 b - a +0 leather armour (worn)
 c - a +0 helmet (worn)
 p - a +0 scale mail
 w - a +0 cloak (worn)
Jewellery
 n - a +6 ring of intelligence {unknown}
Wands
 t - a wand of digging (4)
 y - a wand of paralysis (3)
Scrolls
 e - 3 scrolls of fear {unknown}
 g - 2 scrolls of amnesia {unknown}
 h - 2 scrolls of blinking {unknown}
 i - 2 scrolls of fog {unknown}
 j - 4 scrolls of remove curse {unknown}
 k - 2 scrolls of teleportation {unknown}
 l - a scroll of random uselessness {unknown}
 m - 2 scrolls of identify
 q - 2 scrolls of enchant armour {unknown}
 u - a scroll of noise {unknown}
 v - a scroll of immolation {unknown}
Potions
 r - a potion of flight
 s - a potion of curing
Comestibles
 f - 5 rations


   Skills:
 + Level 3.1 Fighting
 * Level 3.7 Axes
 - Level 1.7 Throwing
 + Level 1.8 Armour
 + Level 2.9 Dodging


You had 3 spell levels left.
You didn't know any spells.
Your spell library was empty.

Dungeon Overview and Level Annotations

Branches:
Dungeon (4/15)
 Temple: D:4-7

Altars:
Makhleb
Qazlal
Uskayaw
Xom
Zin


Innate Abilities, Weirdness & Mutations

You are resistant to torment.
Your stone body is resilient. (AC +3)
You are immune to poison.
You resist negative energy. (rN+)
You are resistant to electric shocks. (rElec)
You can survive without breathing.
You are immune to petrification.
You are immune to rotting.


Message History

You closely miss the shadow imp. The ogre misses you.
The shadow imp closely misses you. The quokka skeleton misses you.
You catch the helpless ogre completely off-guard!
You hit the ogre.
The ogre is heavily wounded.
You hit the shadow imp. You hit the quokka skeleton. The ogre misses you.
The shadow imp hits you but does no damage.
The quokka skeleton bites you but does no damage.
You barely miss the ogre.
The ogre is heavily wounded.
You slash the quokka skeleton!
You destroy the quokka skeleton!
You hit the shadow imp.
You kill the shadow imp!
The ogre closely misses you.
You slash the ogre!
The ogre is almost dead.
The ogre hits you with a +0 giant club!
Ouch! That really hurt!
You die...

...! #.[.. ....
..).# .$.$
#...## ...
...... #..
#.....#
#..##.....>#
...##........##
#....@......#
#....O.......
...............
...............
.............#.
.....#.......#
......##...###
...... ..##


You could see an ogre.

Vanquished Creatures
  A howler monkey skeleton (D:2)
  2 adders
  A shadow imp (D:4)
  An ooze (D:3)
  A worm (D:2)
  2 dart slugs (D:1)
  2 leopard geckos
  An orc (D:3)
  5 giant cockroaches
  9 hobgoblins
  3 jackals (D:2)
  14 kobolds
  6 bats
  A frilled lizard (D:2)
  6 goblins
  A quokka skeleton (D:4)
  9 rats
65 creatures vanquished.

Notes
Turn   | Place    | Note
-------+----------+-------------------------------------------
     0 | D:1      | Borgoz the Gargoyle Gladiator began the quest for the Orb.
     0 | D:1      | Reached XP level 1. HP: 12/12 MP: 1/1
    68 | D:1      | Reached XP level 2. HP: 16/18 MP: 2/2
   259 | D:1      | Reached skill level 1 in Armour
   279 | D:1      | Reached XP level 3. HP: 20/22 MP: 3/3
  1138 | D:2      | Reached XP level 4. HP: 27/27 MP: 4/4
  1698 | D:3      | Found a shimmering altar of Xom.
  1698 | D:3      | Found a glowing silver altar of Zin.
  1698 | D:3      | Noticed an angel
  2210 | D:3      | Found a burning altar of Makhleb.
  2210 | D:3      | Found a faded altar of an unknown god.
  2215 | D:3      | Found a hide-covered altar of Uskayaw.
  2217 | D:3      | Found a faded altar of an unknown god.
  2218 | D:3      | Found a stormy altar of Qazlal.
  2287 | D:4      | Noticed an ogre
  2299 | D:4      | Mangled by an ogre

Levels and vault maps discovered:
D:1:      giann_wishing_wells, layout_rooms, serial_rivers,
          chequers_serial_rivers_marsh, chequers_serial_rivers_small_a,
          chequers_serial_rivers_large_b, chequers_serial_rivers_micro_e,
          chequers_serial_rivers_marsh, chequers_serial_rivers_micro_a
D:2:      layout_loops_corners
D:3:      layout_basic, grunt_temple_overflow_order_and_chaos_1,
          chequers_temple_overflow_minitemple, chequers_decorated_corner
D:4:      layout_cave_pools, nicolae_ru_path_of_blood, grunt_gozag_breadcrumbs,
          lemuel_temple_firewalk_b, first_ration, uniq_edmund

Skill      XL: |  1  2  3  4 |
---------------+-------------+-----
Axes           | 3 |  3.7
Armour         | 1 |  1.8
Fighting       | 3 |  3.1
Throwing       | |  1.7
Dodging        | |  2.9

Action                   |  1- 3 |  4- 6 || total
-------------------------+-------+-------++-------
Melee: War axe           |    95 |    90 ||   185
  Use: Scroll            |       |     3 ||     3
       Potion            |       |     1 ||     1
 Stab: Invisible         |       |     1 ||     1
       Sleeping          |       |     1 ||     1
  Eat: Chunk             |       |     5 ||     5
Armor: Leather armour    |    41 |    39 ||    80
Dodge: Dodged            |    78 |    69 ||   147

Table legend:
 A = Non-vault XP
 B = Vault XP
 C = Vault XP percentage of total XP
 D = Non-vault monster count
 E = Vault monster count
 F = Vault count percentage of total count
                 A         B        C        D         E       F
            +---------+---------+-------+---------+---------+-------
      Total |     164 |       0 |   0.0 |      65 |       0 |   0.0
            +---------+---------+-------+---------+---------+-------
        D:1 |      50 |       0 |   0.0 |      28 |       0 |   0.0
        D:2 |      60 |       0 |   0.0 |      20 |       0 |   0.0
        D:3 |      42 |       0 |   0.0 |      15 |       0 |   0.0
        D:4 |      12 |       0 |   0.0 |       2 |       0 |   0.0
            +---------+---------+-------+---------+---------+-------
